 Dungeon Crawl Stone Soup version 0.24-a0-264-gf46a388 (webtiles) character file.

Game seed: 7480723950491024971

7079 mhoghedin the Markscentaur (level 10, 0/80 HPs)
             Began as a Centaur Hunter on Apr 20, 2019.
             Was a Priest of Trog.
             Slain by a hornet (10 damage)
             ... on level 9 of the Dungeon.
             The game lasted 00:15:19 (7794 turns).

mhoghedin the Markscentaur (Centaur Hunter)         Turns: 7794, Time: 00:15:19

Health: 0/80       AC:  4    Str: 22    XL:     10   Next: 84%
Magic:  10/10      EV: 11    Int: 10    God:    Trog [***...]
Gold:   597        SH:  0    Dex: 15    Spells: 9/9 levels left

rFire    . . .     SeeInvis .   a - +1 shortbow
rCold    . . .     Gourm    .   (shield currently unavailable)
rNeg     . . .     Faith    .   c - +0 leather armour
rPois    .         Spirit   .   (no helmet)
rElec    .         Reflect  .   (no cloak)
rCorr    .         Harm     .   (no gloves)
MR       .....                  (no barding)
Stlth    +.........             p - amulet of regeneration {+regen, !d}
HPRegen  0.63/turn              m - +4 ring of strength
MPRegen  0.12/turn              B - +5 ring of dexterity

@: lethally poisoned (0 -> -1), slowed
A: large, hooves 3, deformed body, speed 2, tough skin 3
a: Berserk, Trog's Hand, Renounce Religion


You were on level 9 of the Dungeon.
You worshipped Trog.
Trog was most pleased with you.
You were not hungry.

You visited 1 branch of the dungeon, and saw 9 of its levels.

You collected 597 gold pieces.

Inventory:

Hand Weapons
 a - a +1 shortbow (weapon)
 b - a +0 short sword
Missiles
 d - 156 arrows (quivered)
Armour
 c - a +0 leather armour (worn)
Jewellery
 m - a +4 ring of strength (left hand)
   (You found it on level 2 of the Dungeon)
 p - an amulet of regeneration (around neck) {+regen, !d}
   (You found it on level 2 of the Dungeon)
 A - a +4 ring of protection
   (You found it on level 7 of the Dungeon)
 B - a +5 ring of dexterity (right hand)
   (You found it on level 8 of the Dungeon)
Wands
 l - a wand of iceblast (5)
   (You found it on level 4 of the Dungeon)
 q - a wand of paralysis (7)
   (You found it on level 3 of the Dungeon)
 w - a wand of flame (12)
   (You took it off a goblin on level 8 of the Dungeon)
 z - a wand of enslavement (8)
   (You found it on level 7 of the Dungeon)
Scrolls
 e - a scroll of immolation {!r}
 j - 2 scrolls of teleportation
 n - 2 scrolls of identify
 r - 3 scrolls of magic mapping {!r}
 t - 3 scrolls of remove curse
 u - 2 scrolls of blinking {!r}
 y - a scroll of fear
Potions
 g - 2 potions of curing
 h - 2 potions of heal wounds
 k - a potion of haste
 o - a potion of lignification {!q}
 s - a potion of brilliance
 v - a potion of might
Comestibles
 f - 15 rations


   Skills:
 + Level 4.8 Fighting
 - Level 18.7 Bows
 + Level 0.5 Armour
 + Level 3.6 Dodging
 - Level 1.0 Stealth


You had 9 spell levels left.
You didn't know any spells.
Your spell library was empty.

Dungeon Overview and Level Annotations

Branches:
Dungeon (9/15)             Temple (0/1) D:6
   Lair: D:8-11         Orc: D:9-12

Altars:
Ashenzari
Kikubaaqudgha
Trog
Vehumet
Xom
Yredelemnul
The Shining One

Annotations:
D:5 2 runed translucent doors, Lanoc's ghost, novice OpBe
D:8 2 transporters


Innate Abilities, Weirdness & Mutations

You have hooves in place of feet.
Armour fits poorly on your strangely shaped body.
You cover ground very quickly.
You have extremely tough skin. (AC +3)


Message History

Trog appreciates your killing of a magic user.
Your Bows skill increases to level 18!
You start resting.
Health restored: 80
d - 127 arrows (gained 1) Search for what [Enter for "trog", or ? for help]? ego Unknown command.
x - the +3 hat of Pondering {ponderous, MR+ MP+10 Int+5}
d - 132 arrows (gained 5)
There is an open door here.
d - 138 arrows (gained 6)
d - 139 arrows (gained 1)
C - a short runed staff Drop what? 29/52 slots (_ for help) (? for menu, Esc to quit)
You drop the +3 hat of Pondering {ponderous, MR+ MP+10 Int+5}.
Drop what? 28/52 slots (_ for help) (? for menu, Esc to quit)
You drop a short runed staff.
As you read the scroll labeled LOERRO MOPI, it crumbles to dust.
Magic quickly surges around you.
It was a scroll of vulnerability.
You start waiting.
You feel less vulnerable to hostile enchantments.
d - 143 arrows (gained 4)
d - 149 arrows (gained 6)
d - 153 arrows (gained 4)
d - 154 arrows (gained 1)
d - 167 arrows (gained 13)
d - 169 arrows (gained 2)
You now have 597 gold pieces (gained 10).
You open the door.
A troll comes into view.
The troll shouts!
You hear an angry buzzing noise.
A troll is nearby!
A troll is nearby!
Firing (i - inventory)
d - 169 arrows (quivered)
Aim: a troll You shoot an arrow.
The arrow closely misses the troll.
Firing (i - inventory)
d - 168 arrows (quivered)
Aim: a troll You shoot an arrow.
The arrow hits the troll!
A hornet comes into view.
Firing (i - inventory)
d - 167 arrows (quivered)
Aim: a troll (moderately wounded)
You shoot an arrow. The arrow completely misses the troll.
Firing (i - inventory)
d - 166 arrows (quivered)
Aim: a troll (moderately wounded)
You shoot an arrow. The arrow hits the troll.
Firing (i - inventory)
d - 165 arrows (quivered)
Aim: a troll (moderately wounded)
You shoot an arrow. The arrow closely misses the troll.
The arrow misses the hornet.
Firing (i - inventory)
d - 164 arrows (quivered)
Aim: a troll (moderately wounded)
You shoot an arrow. The arrow hits the troll!
Firing (i - inventory)
d - 163 arrows (quivered)
Aim: a troll (severely wounded)
You shoot an arrow. The arrow hits the troll!
The troll bites you.
The troll claws you but does no damage. x2
You take 5 damage, and have 75/80 hp.
Firing (i - inventory)
d - 162 arrows (quivered)
Aim: a troll (almost dead)
You shoot an arrow. The arrow hits the troll!
You kill the troll!
Trog accepts your kill.
Firing (i - inventory)
d - 161 arrows (quivered)
Aim: a hornet You shoot an arrow.
The arrow hits the hornet.
The hornet misses you.
Firing (i - inventory)
d - 160 arrows (quivered)
Aim: a hornet (lightly wounded)
You shoot an arrow. The arrow closely misses the hornet.
The hornet stings you!
You feel yourself slow down.
You take 11 damage, and have 65/80 hp.
Firing (i - inventory)
d - 159 arrows (quivered)
Aim: a hornet (lightly wounded)
You shoot an arrow. The arrow hits the hornet!
The hornet stings you!
You feel as though you will be slow longer.
You take 13 damage, and have 52/80 hp.
Firing (i - inventory)
d - 158 arrows (quivered)
Aim: a hornet (heavily wounded)
You shoot an arrow. The arrow closely misses the hornet.
The hornet barely misses you.
Firing (i - inventory)
d - 157 arrows (quivered)
Aim: a hornet (heavily wounded)
You shoot an arrow. The arrow hits the hornet.
The hornet stings you!
You suddenly lose the ability to move!
The hornet stings you!
You feel as though you will be slow longer.
The hornet stings you.
You feel as though you will be slow longer.
The hornet stings you!
* * * LOW HITPOINT WARNING * * *
You feel as though you will be slow longer.
The hornet stings you!
* * * LOW HITPOINT WARNING * * *
You are poisoned.
You feel as though you will be slow longer.
You can move again.
You take 42 damage, and have 10/80 hp.
MASSIVE DAMAGE!!
You feel sick.
You feel sick. The hornet stings you!
You die...

#..........# #
#..........# ..
+..........# ..(
#..........###....
#..........#((..
#..........((#
#......|...#
#........y.#
#########@## #.#
##.# #..# #.## #.#
#######.#####...
................
#######.#####...


You could see a hornet.

Vanquished Creatures
  Gastronok (D:9)
  Erica (D:8)
  A two-headed ogre (D:8)
  A troll (D:9)
  A hippogriff (D:9)
  A spriggan (D:8)
  An eye of draining (D:9)
  A hornet zombie (D:7)
  A black bear (D:8)
  2 orc warriors
  4 ice beasts
  3 sky beasts
  2 phantoms
  3 ogres
  2 centaurs
  A big kobold (D:4)
  4 bullfrogs
  2 scorpions
  3 electric eels (D:8)
  3 howler monkeys (D:7)
  9 crimson imps
  3 orc priests
  2 bullfrog zombies
  3 bullfrog skeletons
  3 hounds
  A jelly (D:6)
  4 orc wizards
  3 centaur skeletons
  5 iguanas
  4 worker ants
  2 hound zombies
  A worker ant zombie (D:3)
  4 gnolls (D:4)
  14 adders
  3 shadow imps
  2 oozes
  5 dart slugs
  5 worms
  3 leopard geckos
  16 orcs
  6 giant cockroaches
  5 goblins
  13 hobgoblins
  2 jackals (D:5)
  4 quokkas
  7 bats
  6 frilled lizards
  A jackal skeleton (D:4)
  10 kobolds
  A leopard gecko skeleton (D:5)
  2 leopard gecko zombies
  A quokka skeleton (D:5)
  A quokka zombie (D:6)
  3 rats
192 creatures vanquished.

Vanquished Creatures (others)
  A bullfrog (D:7)
  2 worker ants (D:7)
  2 orcs
5 creatures vanquished.

Grand Total: 197 creatures vanquished

Notes
Turn   | Place    | Note
-------+----------+-------------------------------------------
     0 | D:1      | mhoghedin the Centaur Hunter began the quest for the Orb.
     0 | D:1      | Reached XP level 1. HP: 17/17 MP: 1/1
    47 | D:1      | Reached XP level 2. HP: 24/24 MP: 2/2
   375 | D:1      | Reached skill level 1 in Stealth
   458 | D:1      | Reached XP level 3. HP: 30/30 MP: 3/3
   880 | D:2      | Found a glowing golden altar of the Shining One.
   950 | D:2      | Reached skill level 2 in Dodging
  1109 | D:2      | Found a bloodstained altar of Trog.
  1253 | D:2      | Reached skill level 6 in Bows
  1331 | D:2      | Reached XP level 4. HP: 37/37 MP: 4/4
  1543 | D:2      | Became a worshipper of Trog the Wrathful
  1670 | D:3      | Reached skill level 3 in Fighting
  1720 | D:3      | Found a shattered altar of Ashenzari.
  2032 | D:3      | Reached XP level 5. HP: 32/45 MP: 5/5
  2393 | D:3      | Reached * piety under Trog
  2847 | D:4      | Reached XP level 6. HP: 52/52 MP: 6/6
  2942 | D:4      | Reached skill level 7 in Bows
  2966 | D:4      | Reached skill level 4 in Fighting
  2985 | D:4      | Reached skill level 3 in Dodging
  3358 | D:5      | Entered Level 5 of the Dungeon
  3447 | D:5      | Reached XP level 7. HP: 58/60 MP: 7/7
  3561 | D:5      | Reached skill level 8 in Bows
  3845 | D:5      | Found a large runed translucent door.
  3845 | D:5      | Found a large runed translucent door.
  3846 | D:5      | Noticed Lanoc's ghost (novice OpBe)
  3904 | D:5      | Reached skill level 9 in Bows
  4119 | D:6      | Reached ** piety under Trog
  4119 | D:6      | Reached skill level 10 in Bows
  4258 | D:6      | Reached XP level 8. HP: 39/67 MP: 8/8
  4417 | D:6      | Reached skill level 11 in Bows
  4506 | D:6      | You fall through a shaft for 3 floors!
  4525 | D:9      | Noticed a hippogriff
  4533 | D:9      | Killed a hippogriff
  4533 | D:9      | Reached skill level 12 in Bows
  4833 | D:8      | Found a transporter.
  4835 | D:8      | Found a transporter.
  4844 | D:8      | Reached skill level 13 in Bows
  4854 | D:8      | Noticed a skeletal warrior
  4899 | D:8      | Reached XP level 9. HP: 72/72 MP: 9/9
  4904 | D:8      | Noticed Erica
  4988 | D:8      | HP: 15/72 [electric eel/bolt of electricity (15)]
  4989 | D:8      | HP: 1/72 [electric eel/bolt of electricity (10)]
  5005 | D:8      | Found a radiant altar of Vehumet.
  5005 | D:8      | HP: 16/72 [centaur/arrow (9)]
  5005 | D:8      | HP: 7/72 [centaur/arrow (9)]
  5010 | D:8      | HP: 11/108 [centaur (2)]
  5214 | D:8      | Found a basalt altar of Yredelemnul.
  5274 | D:6      | Reached skill level 14 in Bows
  5400 | D:6      | Found a staircase to the Ecumenical Temple.
  5599 | D:7      | Reached *** piety under Trog
  5683 | D:7      | Reached skill level 15 in Bows
  5999 | D:7      | Found a shimmering altar of Xom.
  6359 | D:8      | Killed Erica
  6359 | D:8      | Reached skill level 16 in Bows
  6359 | D:8      | Reached XP level 10. HP: 80/80 MP: 10/10
  6544 | D:8      | Noticed a flayed ghost
  6573 | D:8      | Found an ancient bone altar of Kikubaaqudgha.
  6575 | D:8      | Noticed a death knight
  6875 | D:8      | Noticed a two-headed ogre
  6899 | D:8      | Killed a two-headed ogre
  6899 | D:8      | Reached skill level 17 in Bows
  7557 | D:9      | Noticed Gastronok
  7594 | D:9      | HP: 14/80 [Gastronok/the air (27)]
  7595 | D:9      | Killed Gastronok
  7595 | D:9      | Reached skill level 18 in Bows
  7790 | D:9      | Paralysed by a hornet for 2 turns
  7792 | D:9      | HP: 18/80 [hornet (16)]
  7794 | D:9      | Slain by a hornet

Levels and vault maps discovered:
D:1:      minmay_arrival_four_circles, layout_basic, hangedman_feature_mirror
D:2:      minmay_alternating_diamond, layout_basic, tso_oasis_becter,
          bloody_trog
D:3:      kennysheep_six_static_rooms, layout_basic,
          nicolae_ashenzari_panopticon, first_ration, serial_co_window_serial,
          co_window_corner_a, co_window_cross_1, co_window_paths_b,
          co_window_corner_a, co_window_paths_a, co_window_corner_ca,
          co_window_corner_b, co_window_broadway_a, co_window_paths_d,
          glass_columns_a, glass_columns_a
D:4:      layout_rooms, nrook_mini_backslash
D:5:      layout_rooms, ebering_ghost_disaster_area, kennysheep_boxes
D:6:      layout_rooms, minmay_temple_entry_stoned_glass
D:7:      layout_rooms, xom_confusion_cloud
D:8:      layout_basic, gammafunk_temple_of_torment, vehumet_altar_wand_db,
          the_bakery, corner_web_ring, serial_bayou_lagoon_b, uniq_erica
D:9:      layout_roguey, kennysheep_little_box, uniq_gastronok

Skill      XL: |  1  2  3  4  5  6  7  8  9 10 |
---------------+-------------------------------+-----
Stealth        | 1 |  1.0
Dodging        | 2 3 |  3.6
Bows           | 6 7 10 13 16 18 | 18.7
Fighting       | 3 4 |  4.8
Armour         | |  0.5

Action                   |  1- 3 |  4- 6 |  7- 9 | 10-12 || total
-------------------------+-------+-------+-------+-------++-------
 Fire: Shortbow          |   124 |   217 |   445 |   119 ||   905
Invok: Trog's Hand       |       |       |     1 |       ||     1
Evoke: Wand              |       |       |     1 |       ||     1
  Use: Scroll            |       |     8 |     7 |     6 ||    21
       Potion            |       |     6 |     4 |       ||    10
  Eat: Ration            |       |     3 |       |     1 ||     4
       Chunk             |       |       |     2 |       ||     2
Armor: Leather armour    |    16 |    24 |    31 |     5 ||    76
       Skin              |       |       |     7 |       ||     7
Dodge: Dodged            |    22 |    34 |    64 |    15 ||   135

Table legend:
 A = Non-vault XP
 B = Vault XP
 C = Vault XP percentage of total XP
 D = Non-vault monster count
 E = Vault monster count
 F = Vault count percentage of total count
                 A         B        C        D         E       F
            +---------+---------+-------+---------+---------+-------
      Total |    6406 |    3707 |  36.7 |     172 |      20 |  10.4
            +---------+---------+-------+---------+---------+-------
        D:1 |      48 |       3 |   5.9 |      21 |       2 |   8.7
        D:2 |      51 |       3 |   5.6 |      14 |       3 |  17.6
        D:3 |     177 |      56 |  24.0 |      24 |       6 |  20.0
        D:4 |     235 |       0 |   0.0 |      13 |       0 |   0.0
        D:5 |     568 |       0 |   0.0 |      23 |       0 |   0.0
        D:6 |     956 |       0 |   0.0 |      23 |       0 |   0.0
        D:7 |    1063 |     301 |  22.1 |      23 |       5 |  17.9
        D:8 |    2473 |    1172 |  32.2 |      26 |       3 |  10.3
        D:9 |     835 |    2172 |  72.2 |       5 |       1 |  16.7
            +---------+---------+-------+---------+---------+-------

Levels and vault maps discovered:
D:1:      minmay_arrival_four_circles, layout_basic, hangedman_feature_mirror
D:2:      minmay_alternating_diamond, layout_basic, tso_oasis_becter,
          bloody_trog
D:3:      kennysheep_six_static_rooms, layout_basic,
          nicolae_ashenzari_panopticon, first_ration, serial_co_window_serial,
          co_window_corner_a, co_window_cross_1, co_window_paths_b,
          co_window_corner_a, co_window_paths_a, co_window_corner_ca,
          co_window_corner_b, co_window_broadway_a, co_window_paths_d,
          glass_columns_a, glass_columns_a
D:4:      layout_rooms, nrook_mini_backslash
D:5:      layout_rooms, ebering_ghost_disaster_area, kennysheep_boxes
D:6:      layout_rooms, minmay_temple_entry_stoned_glass
D:7:      layout_rooms, xom_confusion_cloud
D:8:      layout_basic, gammafunk_temple_of_torment, vehumet_altar_wand_db,
          the_bakery, corner_web_ring, serial_bayou_lagoon_b, uniq_erica
D:9:      layout_roguey, kennysheep_little_box, uniq_gastronok

Table legend:
 A = Turns spent in this place as a percentage of turns spent in the entire game.
 B = Non-inter-level travel turns spent in this place as a percentage of non-inter-level travel turns spent in the entire game.
 C = Inter-level travel turns spent in this place as a percentage of turns spent in this place.
 D = Turns resting spent in this place as a percentage of non-inter-level travel turns spent in this place.
 E = Turns spent auto-exploring this place as a percentage of non-inter-level travel turns spent in this place.
 F = Non-inter-level travel turns spent in this place divided by the number of levels of this place that you've seen.
                   A       B       C       D       E      F
               +-------+-------+-------+-------+-------+----------------------
         Total | 100.0 | 100.0 |   3.9 |  10.0 |  69.2 | 831.9
       Dungeon | 100.0 | 100.0 |   3.9 |  10.0 |  69.2 | 831.9
               +-------+-------+-------+-------+-------+----------------------

Table legend:
 A = Kills in this place as a percentage of kills in entire the game.
 B = Kills by you in this place as a percentage of kills by you in the entire game.
 C = Kills by friends in this place as a percentage of kills by friends in the entire game.
 D = Other kills in this place as a percentage of other kills in the entire game.
 E = Experience gained in this place as a percentage of experience gained in the entire game.
 F = Experience gained in this place divided by the number of levels of this place that you have seen.
                   A       B       C       D       E      F
               +-------+-------+-------+-------+-------+----------------------
         Total | 100.0 | 100.0 |   N/A |   N/A | 100.0 | 1123.7
       Dungeon | 100.0 | 100.0 |   N/A |   N/A | 100.0 | 1123.7
               +-------+-------+-------+-------+-------+----------------------
